 Dungeon Crawl Stone Soup version 0.30.0-29-ga12c61a403 (webtiles) character file.

Game seed: 4678331549612725698

5844 croobank the Frost Mage (level 10, -4/76 HPs)
             Began as a Gnoll Ice Elementalist on June 21, 2023.
             Killed by divine providence
             ... invoked by a meliai
              (14 damage)
             ... on level 9 of the Dungeon.
             The game lasted 01:02:35 (9934 turns).

croobank the Frost Mage (Gnoll Ice Elementalist)    Turns: 9934, Time: 01:02:36

Health: -4/76      AC:  6    Str:  8    XL:     10   Next: 80%
Magic:  21/21      EV: 14    Int: 19    God:
Gold:   474        SH:  0    Dex: 12    Spells: 0/24 levels left

rFire   + . .        h - +6 dagger (holy)
rCold   + . .        (no shield)
rNeg    . . .        J - +0 steam dragon scales
rPois   +            y - melded +2 helmet
rElec   +            (no cloak)
rCorr   +            (no gloves)
SInv    .            (boots currently unavailable)
Will    .....        I - amulet of magic regeneration
Stlth   +++          F - ring of wizardry
HPRegen 0.32/turn    N - +4 ring of slaying
MPRegen 0.57/turn

%: wizardry (x1)
@: mighty, brilliant, appendages, resistant, wereblooded
A: horns 2, talons 2, fangs 1, strong nose, distributed training
a: End Transformation


You were on level 9 of the Dungeon.
You had temporarily grown beastly horns and talons.
You visited 1 branch of the dungeon, and saw 9 of its levels.
You also visited: Ossuary.

You collected 474 gold pieces.

Inventory:

Hand Weapons
 c - a +0 club
 d - a +0 short sword of electrocution
 h - a +6 dagger of holy wrath (weapon)
 i - a +1 rapier of speed
 p - a +0 flail
 v - a +0 war axe
 B - a +0 dagger of venom
 D - a -2 demon whip of venom
 O - a +0 trident
 R - a +6 spear
Missiles
 H - 36 poisoned darts
 P - 6 atropa-tipped darts
Armour
 a - a +0 robe
 g - a +0 ring mail
 s - a +0 leather armour
 y - a +2 helmet (melded)
 J - +0 steam dragon scales (worn)
Magical Staves
 z - a staff of air
Jewellery
 F - a ring of wizardry (left hand)
 I - an amulet of magic regeneration (around neck)
 N - a +4 ring of slaying (right hand)
Wands
 q - a wand of flame (22)
Scrolls
 k - 3 scrolls of teleportation
 n - a scroll of brand weapon
 r - 2 scrolls of poison
 u - 2 scrolls of torment
 w - a scroll of amnesia
 E - 4 scrolls of fog
 L - 2 scrolls of butterflies
Potions
 b - a potion of magic
 f - a potion of heal wounds
 j - 4 potions of attraction
 m - a potion of invisibility
 t - 2 potions of might
 x - 3 potions of curing
 A - 2 potions of lignification
 C - a potion of mutation
 K - 2 potions of cancellation {unknown}


   Skills:
 + Level 5.8 Fighting
 + Level 5.8 Short Blades
 + Level 5.8 Long Blades
 + Level 5.8 Axes
 + Level 5.8 Maces & Flails
 + Level 5.8 Polearms
 + Level 5.8 Staves
 + Level 5.8 Ranged Weapons
 + Level 5.8 Throwing
 + Level 5.8 Armour
 + Level 7.5 Dodging
 + Level 7.2 Stealth
 + Level 5.8 Shields
 + Level 5.8 Unarmed Combat
 + Level 7.8 Spellcasting
 + Level 4.8 Conjurations
 + Level 4.8 Hexes
 + Level 4.8 Summonings
 + Level 4.8 Necromancy
 + Level 4.8 Translocations
 + Level 4.8 Transmutations
 + Level 4.8 Fire Magic
 + Level 8.7 Ice Magic
 + Level 4.8 Air Magic
 + Level 4.8 Earth Magic
 + Level 4.8 Poison Magic
 + Level 6.4 Invocations
 + Level 5.8 Evocations


You couldn't memorise any spells.
You knew the following spells:

 Your Spells              Type           Power      Damage    Failure   Level
a - Freeze                Ice            100%       1d10      1%          1
b - Frozen Ramparts       Ice            100%       1d16      1%          3
c - Ozocubu's Armour      Ice            57%        N/A       1%          3
d - Blink                 Tloc           76%        N/A       1%          2
e - Summon Ice Beast      Ice/Summ       49%        N/A       2%          4
f - Beastly Appendage     Tmut           76%        N/A       1%          1
g - Wereblood             Tmut           38%        N/A       1%          2
h - Inner Flame           Hex/Fire       38%        N/A       1%          3
i - Yara's Violent Unrav  Hex/Tmut       19%        3d9       14%         5

Your spell library contained the following spells:

 Spells                   Type           Power      Damage    Failure   Level
 Lesser Beckoning         Tloc           76%        N/A       1%          2
 Momentum Strike          Conj/Tloc      76%        3d10      1%          2
 Spider Form              Tmut/Pois      38%        N/A       1%          3
 Enfeeble                 Hex            19%        N/A       98%         7


Dungeon Overview and Level Annotations

Branches:
Dungeon (9/15)             Temple (0/1) D:6         Ossuary (visited)
   Lair: D:8-11         Orc: D:9-12

Altars:
Dithmenos
Fedhas
Kikubaaqudgha
Okawaru
Trog
Vehumet
Wu Jian
Xom
Yredelemnul

Annotations:
D:4 2 transporters


Innate Abilities, Weirdness & Mutations

You have temporarily grown beastly horns and talons.
You have very sharp teeth.
Your uncanny sense of smell can sniff out nearby items.
Your experience applies equally to all skills.


Message History

The meliai hits your butterfly with a +0 war axe!
Your butterfly dies!
Your butterfly disappears in a burst of colours!
The meliai misses your butterfly. The meliai stings your butterfly.
Your butterfly dies!
Your butterfly disappears in a burst of colours!
You swap places.
The meliai barely misses your butterfly.
The meliai misses your butterfly.
The meliai barely misses your butterfly.
The meliai stings your butterfly.
Your butterfly dies!
Your butterfly disappears in a burst of colours!
You swap places.
The meliai misses your butterfly.
The meliai hits something with a +0 war axe! x2
The meliai misses your butterfly.
You swap places.
You swap places.
Something misses your butterfly. Something stings your butterfly!
Your butterfly dies!
Your butterfly disappears in a burst of colours!
You swap places.
The meliai barely misses your butterfly.
The meliai hits your butterfly with a +0 war axe!
Your butterfly dies!
Your butterfly disappears in a burst of colours!
The meliai barely misses your butterfly.
The meliai hits your butterfly with a +0 war axe!
Your butterfly dies!
Your butterfly disappears in a burst of colours!
The meliai misses your butterfly.
The meliai hits something with a +0 war axe!
The meliai hits your butterfly with a +0 war axe!!
Your butterfly dies!
Your butterfly disappears in a burst of colours!
The meliai misses something.
You swap places.
The meliai calls down the wrath of its god upon you.
Something smites you!
You die...

##..###.......#...PP♣...#
##.......#....#....PP...#
#........#...#.....[...#
#...####.....#####)##### #...##
#.....#.#.#.#.b.#∆∆∆ ...##
##....#.#...##.##∆∆∆ . ..##
##.....#...###b..#∆∆ ... .##
###......#.#bb.y.#.###b.... .#
##........+.@.###.#†yS.J.#..
.####.........##.##.#b#b###cp...
..............#.##..bb..#∆∆ ...
#..........<..#.#..##b.##∆∆∆ .
..............#..#.†#.#.#∆∆∆
......###.....#####+#####
.......####...# .####### ##..#
.# ∆ ..#


You could see a meliai.

Vanquished Creatures
  Amaemon (D:8)
  Pikel (D:7)
  An orange demon (D:8)
  Prince Ribbit (D:8)
  A hornet (D:9)
  2 dream sheep (D:8)
  A wraith (D:9)
  4 yaks (D:8)
  A wyvern (D:9)
  2 steam dragons (D:7)
  2 ice beasts (D:5)
  3 ogres
  2 lemures (D:7)
  3 centaurs
  2 kobold brigands (D:7)
  2 elf zombies (Ossuary)
  2 bullfrogs
  4 scorpions
  5 wights
  5 killer bees
  A howler monkey (D:9)
  5 jellies
  A centaur zombie (Ossuary)
  2 gnoll boudas
  A human zombie (Ossuary)
  5 hounds
  An orc priest (D:8)
  3 sleepcaps (D:6)
  An orc wizard (D:9)
  3 mummies
  12 gnolls
  6 adders
  A shadow imp (D:7)
  2 white imps
  An ufetubus (D:6)
  A worm (D:2)
  A dart slug (D:2)
  5 orcs
  4 ball pythons
  4 endoplasms
  3 giant cockroaches
  10 goblins
  5 hobgoblins
  3 jackals (D:1)
  4 quokkas
  2 bats (D:2)
  3 goblin zombies (Ossuary)
  9 hobgoblin zombies (Ossuary)
  2 jackal zombies (Ossuary)
  13 kobolds
  15 kobold zombies
  5 orc zombies (Ossuary)
  3 rats
  A rat zombie (Ossuary)
183 creatures vanquished.

Notes
Turn   | Place    | Note
-------+----------+-------------------------------------------
     0 | D:1      | croobank the Gnoll Ice Elementalist began the quest for the
                  | Orb.
     0 | D:1      | Reached XP level 1. HP: 13/13 MP: 6/6
   111 | D:1      | Found a faded altar of an unknown god.
   131 | D:1      | Reached XP level 2. HP: 19/19 MP: 5/7
   634 | D:2      | Reached skill level 5 in Spellcasting
   634 | D:2      | Reached XP level 3. HP: 22/25 MP: 4/9
   647 | D:2      | Learned a level 3 spell: Frozen Ramparts
   774 | D:2      | Reached skill level 1 in Invocations
   775 | D:2      | Reached skill level 1 in Fighting
   775 | D:2      | Reached skill level 1 in Short Blades
   775 | D:2      | Reached skill level 1 in Long Blades
   775 | D:2      | Reached skill level 1 in Axes
   775 | D:2      | Reached skill level 1 in Maces & Flails
   775 | D:2      | Reached skill level 1 in Polearms
   775 | D:2      | Reached skill level 1 in Staves
   775 | D:2      | Reached skill level 1 in Ranged Weapons
   775 | D:2      | Reached skill level 1 in Throwing
   775 | D:2      | Reached skill level 1 in Armour
   775 | D:2      | Reached skill level 1 in Shields
   775 | D:2      | Reached skill level 1 in Unarmed Combat
   775 | D:2      | Reached skill level 1 in Evocations
   776 | D:2      | Reached XP level 4. HP: 20/32 MP: 3/11
  1084 | D:2      | Reached skill level 1 in Conjurations
  1084 | D:2      | Reached skill level 1 in Hexes
  1084 | D:2      | Reached skill level 1 in Summonings
  1084 | D:2      | Reached skill level 1 in Necromancy
  1084 | D:2      | Reached skill level 1 in Translocations
  1084 | D:2      | Reached skill level 1 in Transmutations
  1084 | D:2      | Reached skill level 1 in Fire Magic
  1084 | D:2      | Reached skill level 1 in Air Magic
  1084 | D:2      | Reached skill level 1 in Earth Magic
  1084 | D:2      | Reached skill level 1 in Poison Magic
  1582 | D:3      | Found a bloodstained altar of Trog.
  1679 | D:3      | Found a radiant altar of Vehumet.
  2475 | D:4      | Reached XP level 5. HP: 37/37 MP: 5/12
  2533 | D:4      | Found an ancient bone altar of Kikubaaqudgha.
  2644 | D:4      | Found a transporter.
  2647 | D:4      | Noticed a sky beast
  2648 | D:4      | Found a shimmering altar of Xom.
  2648 | D:4      | Found a transporter.
  2652 | D:4      | Noticed a hornet
  2831 | D:4      | Noticed a yak
  2883 | D:4      | Found a basalt altar of Yredelemnul.
  3241 | D:5      | Entered Level 5 of the Dungeon
  3275 | D:5      | Reached XP level 6. HP: 44/44 MP: 12/14
  3384 | D:5      | Noticed an ice beast
  3388 | D:5      | Killed an ice beast
  3389 | D:5      | Reached skill level 5 in Dodging
  3405 | D:5      | Learned a level 3 spell: Ozocubu's Armour
  3499 | D:5      | Noticed an ice beast
  3510 | D:5      | Killed an ice beast
  3511 | D:5      | Reached XP level 7. HP: 40/51 MP: 15/15
  3645 | D:5      | Found a shadowy altar of Dithmenos.
  3995 | D:5      | Found a blossoming altar of Fedhas.
  4041 | D:5      | Found an ornate altar of the Wu Jian Council.
  4208 | D:6      | Reached skill level 5 in Stealth
  4448 | D:6      | Reached XP level 8. HP: 58/58 MP: 2/16
  4897 | D:6      | Found a staircase to the Ecumenical Temple.
  5635 | D:6      | Learned a level 2 spell: Blink
  5640 | D:6      | Learned a level 4 spell: Summon Ice Beast
  6249 | D:7      | Reached XP level 9. HP: 65/65 MP: 10/18
  6588 | D:7      | Reached skill level 8 in Ice Magic
  6878 | D:7      | Noticed Pikel
  6892 | D:7      | Killed Pikel
  7126 | D:8      | Found an iron altar of Okawaru.
  7166 | D:8      | Found a sand-covered staircase.
  7171 | Ossuary  | Entered an ossuary
  7464 | Ossuary  | Reached skill level 5 in Invocations
  7803 | D:8      | Noticed Amaemon
  7804 | D:8      | Noticed an orange demon
  7826 | D:8      | Killed Amaemon
  7845 | D:8      | Killed an orange demon
  7846 | D:8      | Reached skill level 5 in Fighting
  7846 | D:8      | Reached skill level 5 in Short Blades
  7846 | D:8      | Reached skill level 5 in Long Blades
  7846 | D:8      | Reached skill level 5 in Axes
  7846 | D:8      | Reached skill level 5 in Maces & Flails
  7846 | D:8      | Reached skill level 5 in Polearms
  7846 | D:8      | Reached skill level 5 in Staves
  7846 | D:8      | Reached skill level 5 in Ranged Weapons
  7846 | D:8      | Reached skill level 5 in Throwing
  7846 | D:8      | Reached skill level 5 in Armour
  7846 | D:8      | Reached skill level 5 in Shields
  7846 | D:8      | Reached skill level 5 in Unarmed Combat
  7846 | D:8      | Reached skill level 5 in Evocations
  7846 | D:8      | Reached XP level 10. HP: 34/74 MP: 15/20
  8093 | D:8      | Noticed Prince Ribbit
  8095 | D:8      | Killed Prince Ribbit
  9860 | D:9      | Noticed a shock serpent
  9860 | D:9      | Noticed a centaur warrior
  9865 | D:9      | Learned a level 1 spell: Beastly Appendage
  9868 | D:9      | Learned a level 2 spell: Wereblood
  9872 | D:9      | Learned a level 3 spell: Inner Flame
  9878 | D:9      | Learned a level 5 spell: Yara's Violent Unravelling
  9921 | D:9      | Noticed a skeletal warrior
  9934 | D:9      | Killed from afar by a meliai

Illustrated notes

Levels and vault maps discovered:
D:1:      grunt_arrival_crossed_arrows, layout_rooms,
          ebering_ecumenical_altar_webs, chequers_decorated_corner
D:2:      layout_loops_ring
D:3:      layout_basic, mainiacjoe_overflow_cross_hatched,
          nicolae_vehumet_radiance, reono_crystal_passage, item_on_display_a
D:4:      layout_loops_cross, gammafunk_temple_overflow_arena,
          nicolae_kikubaaqudgha_miasma_corner, mainiacjoe_overflow_alcove_4
D:5:      layout_loops_ring, kennysheep_mini, nicolae_overflow_hidden_temple,
          lemuel_coloured_pillars_altar
D:6:      layout_rooms, minmay_temple_entry_antechambers
D:7:      layout_basic, uniq_pikel
D:8:      layout_basic, nicolae_overflow_crystal_walls,
          nicolae_ossuary_entry_giza, dreamdust_gnoll_shepherd, uniq_amaemon,
          uniq_prince_ribbit1
D:9:      minmay_the_grid_3x3 [minmay_the_grid_broken_lines,
          minmay_the_grid_mess, minmay_the_grid_garden,
          minmay_the_grid_embedded, minmay_the_grid_aliased_spiral,
          minmay_the_grid_empty, minmay_the_grid_minigrid_medium,
          minmay_the_grid_outer_circle, minmay_the_grid_prize_big_room],
          layout_layer_cave, gammafunk_ghost_spectres

Skill      XL: |  1  2  3  4  5  6  7  8  9 10 |
---------------+-------------------------------+-----
Spellcasting   | 5 6 7 |  7.8
Invocations    | 1 2 3 4 5 6 |  6.4
Fighting       | 1 2 3 5 |  5.8
Short Blades   | 1 2 3 5 |  5.8
Long Blades    | 1 2 3 5 |  5.8
Axes           | 1 2 3 5 |  5.8
Maces & Flails | 1 2 3 5 |  5.8
Polearms       | 1 2 3 5 |  5.8
Staves         | 1 2 3 5 |  5.8
Ranged Weapons | 1 2 3 5 |  5.8
Throwing       | 1 2 3 5 |  5.8
Armour         | 1 2 3 5 |  5.8
Shields        | 1 2 3 5 |  5.8
Unarmed Combat | 1 2 3 5 |  5.8
Evocations     | 1 2 3 5 |  5.8
Conjurations   | 1 2 3 4 |  4.8
Hexes          | 1 2 3 4 |  4.8
Summonings     | 1 2 3 4 |  4.8
Necromancy     | 1 2 3 4 |  4.8
Translocations | 1 2 3 4 |  4.8
Transmutations | 1 2 3 4 |  4.8
Fire Magic     | 1 2 3 4 |  4.8
Air Magic      | 1 2 3 4 |  4.8
Earth Magic    | 1 2 3 4 |  4.8
Poison Magic   | 1 2 3 4 |  4.8
Dodging        | 5 6 7 |  7.5
Stealth        | 5 6 7 |  7.2
Ice Magic      | 8 |  8.7

Action                     |  1- 3 |  4- 6 |  7- 9 | 10-12 || total
---------------------------+-------+-------+-------+-------++-------
  Melee: Rapier            |    23 |    20 |       |       ||    43
         Bite              |     4 |     2 |    18 |     7 ||    31
         Dagger            |       |    14 |   184 |    71 ||   269
         Punch             |       |       |     4 |     2 ||     6
   Cast: Freeze            |    25 |    12 |    42 |     6 ||    85
         Frozen Ramparts   |     2 |    12 |    34 |    13 ||    61
         Ozocubu's Armour  |       |     1 |    37 |    14 ||    52
         Summon Ice Beast  |       |       |     5 |     6 ||    11
         Blink             |       |       |       |     1 ||     1
         Inner Flame       |       |       |       |     1 ||     1
         Beastly Appendage |       |       |       |     1 ||     1
         Wereblood         |       |       |       |     1 ||     1
  Evoke: Wand              |       |       |    11 |       ||    11
    Use: Scroll            |       |    16 |     8 |     5 ||    29
         Potion            |       |       |     9 |     3 ||    12
   Stab: Sleeping          |     2 |    14 |     3 |     4 ||    23
 Armour: Robe              |     2 |     5 |    29 |       ||    36
         Steam dragon scal |       |       |    51 |    25 ||    76
         Skin              |       |       |    77 |       ||    77
  Dodge: Dodged            |    16 |    18 |   119 |    56 ||   209
